 Dungeon Crawl Stone Soup version 0.31-a0-236-g9a0961fb85 (webtiles) character file.

Game seed: 3100983215766715321

177 qw the Shooter (level 5, -1/45 HPs)
             Began as a Minotaur Hexslinger on July 9, 2023.
             Slain by a queen bee (shapeshifter) (5 damage)
             ... on level 3 of the Dungeon.
             The game lasted 00:00:51 (2083 turns).

qw the Shooter (Minotaur Hexslinger)                Turns: 2083, Time: 00:00:52

Health: -1/45      AC:  4    Str: 12    XL:     5   Next: 30%
Magic:  0/5        EV: 12    Int: 10    God:
Gold:   110        SH:  0    Dex: 15    Spells: 5/6 levels left

rFire   . . .        Y - +1 sling (chaos)
rCold   . . .        (no shield)
rNeg    . . .        o - +0 leather armour
rPois   .            (helmet restricted)
rElec   .            (no cloak)
rCorr   .            (no gloves)
SInv    +            f - +0 pair of boots
Will    +....        j - amulet of guardian spirit
Stlth   +            e - ring of willpower
HPRegen 0.27/turn    d - ring of see invisible
MPRegen 0.09/turn

%: guardian spirit
@: lethally poisoned (-1 -> -15)
A: horns 2, retaliatory headbutt
a: no special abilities


You were on level 3 of the Dungeon.
You visited 1 branch of the dungeon, and saw 4 of its levels.

You collected 110 gold pieces.


Innate Abilities, Weirdness & Mutations

You have a pair of horns on your head.
You reflexively headbutt those who attack you in melee.


   Skills:
 - Level 3.4 Fighting
 + Level 5.3 Ranged Weapons
 - Level 2.1 Dodging
 - Level 1.0 Spellcasting
 - Level 2.0 Hexes


You had 5 spell levels left.
You knew the following spells:

 Your Spells              Type           Power      Damage    Failure   Level
a - Slow                  Hex            16%        N/A       19%         1

Your spell library contained the following spells:

 Spells                   Type           Power      Damage    Failure   Level
 Inner Flame              Hex/Fire       2%         N/A       65%         3
 Portal Projectile        Hex/Tloc       4%         N/A       65%         3
 Cause Fear               Hex            2%         N/A       88%         4

Inventory:

Hand Weapons
 Y - a +1 sling of chaos (weapon)
Armour
 f - a +0 pair of boots (worn)
 o - a +0 leather armour (worn)
Jewellery
 d - a ring of see invisible (right hand)
 e - a ring of willpower (left hand)
 g - a ring of ice
 j - an amulet of guardian spirit (around neck)
 n - a ring of resist corrosion
Scrolls
 a - a scroll of identify
Potions
 b - a potion of heal wounds {unknown}
 h - a potion of mutation {unknown}
 i - a potion of cancellation
 k - a potion of ambrosia {unknown}
 l - a potion of haste {unknown}
 m - a potion of curing {unknown}

Dungeon Overview and Level Annotations

Branches:
Dungeon (4/15)
 Temple: D:4-7

Altars:
Gozag
Kikubaaqudgha

Shops:
D:1 *:


Message History

You shoot a sling bullet.
The sling bullet closely misses the jackal.
The jackal bites you. The hobgoblin closely misses you.
The jackal closely misses you. The queen bee closely misses you.
The hobgoblin barely misses you.
You shoot a sling bullet.
The sling bullet closely misses the jackal.
The jackal bites you but does no damage.
The queen bee stings you but does no damage.
The hobgoblin closely misses you. You furiously retaliate!
You headbutt the hobgoblin. The jackal closely misses you.
You furiously retaliate!
You headbutt the jackal.
You kill the jackal!
You shoot a sling bullet. The sling bullet hits the hobgoblin!
You kill the hobgoblin!
The queen bee misses you.
You shoot a sling bullet.
The sling bullet closely misses the queen bee.
The queen bee stings you!
2078 ||| STAIRDANCE The queen bee stings you!
You climb upwards.
There is a stone staircase leading down here.
You shoot a sling bullet.
The sling bullet hits the queen bee but does no damage.
The queen bee misses you.
You shoot a sling bullet.
The sling bullet closely misses the queen bee.
The queen bee stings you.
You are lethally poisoned!
The queen bee poisons you! The queen bee stings you!
You shoot a sling bullet.
The sling bullet hits the queen bee but does no damage.
You feel extremely sick. The queen bee barely misses you.
You shoot a sling bullet.
The sling bullet barely misses the queen bee.
You feel very sick. The queen bee stings you!
You die...

#.......)................####.##
##..%)....#........#......##.#.##
......###.###......#......##.#.#.
...)..#.....#......#......##.....
......#.#.##########......##.###.
......#.._..#### #.............
......###.#.#..# ###.###.###.###.
..##..#[....##.###.............#.
..++..###.###..y@........###.#.#.
..##......####.#%#...............
.................................
..#....#######.#.#.#####.........
..#....# #####.#.#....##.#.##..##
..#....# #.....#.#.##.##.#.##....
..##'### #.....#.####.##.#.##.###
..##.# #.....#.# ##.##.#.......
..##.# ###.....#.# #.....####.##.


You could see a queen bee shaped shifter.

Vanquished Creatures
  An orc priest (D:3)
  An orc wizard (D:3)
  A gnoll (D:1)
  2 adders (D:2)
  A worm (D:2)
  2 dart slugs
  11 orcs (D:3)
  6 ball pythons
  3 endoplasms
  A giant cockroach (D:3)
  8 goblins
  6 hobgoblins
  8 jackals
  2 quokkas
  9 bats
  2 frilled lizards
  7 kobolds
  5 rats (D:1)
76 creatures vanquished.

Notes
Turn   | Place    | Note
-------+----------+-------------------------------------------
     0 | D:1      | qw the Minotaur Hexslinger began the quest for the Orb.
     0 | D:1      | Reached XP level 1. HP: 16/16 MP: 1/1
     0 | D:1      | 0 ||| qw: Version: 0.3-a-51-g015441d
     0 | D:1      | 0 ||| qw: Game counter: 4379
     0 | D:1      | 0 ||| qw: Melee chars always use a shield: true
     0 | D:1      | 0 ||| qw: God list: Okawaru
     0 | D:1      | 0 ||| qw: Allow faded altars: false
     0 | D:1      | 0 ||| qw: Do Orc after clearing Dungeon:15 true
     0 | D:1      | 0 ||| qw: Do second Lair branch before Depths: true
     0 | D:1      | 0 ||| qw: Lair rune preference: random
     0 | D:1      | 0 ||| qw: Goals: Normal
     0 | D:1      | 0 ||| PLANNING D:1-11
   134 | D:1      | Found Cin Ost's Book Shoppe.
   142 | D:1      | 142 ||| UPGRADING to +0 pair of boots.
   158 | D:1      | Reached skill level 3 in Ranged Weapons
   158 | D:1      | Reached XP level 2. HP: 22/23 MP: 2/2
   380 | D:1      | Reached XP level 3. HP: 30/30 MP: 3/3
   411 | D:1      | Found Izaoluc's General Store.
   416 | D:1      | 416 ||| SHOPLISTING potion of haste (100 gold, have 32).
   416 | D:1      | 416 ||| SHOPLISTING scroll of brand weapon (95 gold, have
                  | 32).
   742 | D:1      | 742 ||| UPGRADING to amulet of guardian spirit.
   747 | D:1      | 747 ||| UPGRADING to ring of willpower.
   748 | D:1      | 748 ||| READING scroll labelled GYIC JUKLIESS.
   749 | D:1      | 749 ||| READING scroll labelled RENLETTUXY.
   801 | D:1      | 801 ||| DRINKING 2 cyan potions.
   802 | D:1      | 802 ||| DRINKING 2 bubbling coppery potions.
   803 | D:1      | 803 ||| DROPPING scroll of poison.
   804 | D:1      | 804 ||| DROPPING potion of invisibility.
   944 | D:2      | Reached skill level 4 in Ranged Weapons
  1047 | D:2      | Reached XP level 4. HP: 37/37 MP: 4/4
  1114 | D:2      | 1114 ||| UPGRADING to ring of see invisible.
  1115 | D:2      | 1115 ||| READING 2 scrolls labelled VUDUNO KEUFUCH.
  1116 | D:2      | 1116 ||| READING scroll labelled QOEXANT YXAST.
  1117 | D:2      | 1117 ||| READING scroll labelled VUNUM MEDUPYORASOI.
  1248 | D:3      | Reached skill level 5 in Ranged Weapons
  1316 | D:3      | Found an opulent altar of Gozag.
  1334 | D:3      | Reached skill level 3 in Fighting
  1334 | D:3      | Reached XP level 5. HP: 32/45 MP: 2/5
  1460 | D:3      | 1460 ||| Stepping ~*~*~tactically~*~*~ (outnumbered).
  1461 | D:3      | 1461 ||| Stepping ~*~*~tactically~*~*~ (outnumbered).
  1551 | D:3      | 1551 ||| READING scroll of brand weapon.
  1551 | D:3      | 1551 ||| BRANDING +1 sling of flaming.
  1733 | D:3      | Found an ancient bone altar of Kikubaaqudgha.
  1951 | D:3      | 1951 ||| UPGRADING to +0 leather armour.
  1961 | D:3      | 1961 ||| DROPPING +0 robe.
  1978 | D:4      | 1978 ||| STAIRDANCE
  2072 | D:4      | a hound changed into a shapeshifter
  2072 | D:4      | Noticed a shapeshifter (shapeshifter)
  2072 | D:4      | a shapeshifter changed into a meliai
  2072 | D:4      | Noticed a meliai (shapeshifter)
  2073 | D:4      | a meliai changed into a queen bee
  2073 | D:4      | Noticed a queen bee (shapeshifter)
  2078 | D:4      | 2078 ||| STAIRDANCE
  2082 | D:3      | HP: 8/45 [poisoned by a queen bee]
  2083 | D:3      | Slain by a queen bee (shapeshifter)

Levels and vault maps discovered:
D:1:      minmay_arrival_loop, layout_loops_ring, serial_shops, shop,
          nicolae_book_shop_shelving, chequers_serial_rivers_micro_d
D:2:      layout_rooms
D:3:      layout_basic, kiku_gazebo_garden_becter,
          nicolae_gozag_cash_rules_everything_around_me
D:4:      layout_layer_cave, lemuel_doored_altar, uniq_natasha, uniq_robin,
          uniq_duvessa

Skill      XL: |  1  2  3  4 |
---------------+-------------+-----
Ranged Weapons | 3 4 5 |  5.3
Fighting       | 2 3 |  3.4
Dodging        | |  2.1
Spellcasting   | |  1.0
Hexes          | |  2.0

Action                     |  1- 3 |  4- 6 || total
---------------------------+-------+-------++-------
   Fire: Sling             |    83 |    92 ||   175
    Use: Scroll            |     2 |     4 ||     6
         Potion            |     2 |       ||     2
 Armour: Robe              |     3 |     5 ||     8
         Leather armour    |       |    12 ||    12
  Dodge: Dodged            |    15 |    43 ||    58

Table legend:
 A = Non-vault XP
 B = Vault XP
 C = Vault XP percentage of total XP
 D = Non-vault monster count
 E = Vault monster count
 F = Vault count percentage of total count
                 A         B        C        D         E       F
            +---------+---------+-------+---------+---------+-------
      Total |     253 |       0 |   0.0 |      76 |       0 |   0.0
            +---------+---------+-------+---------+---------+-------
        D:1 |      50 |       0 |   0.0 |      22 |       0 |   0.0
        D:2 |      65 |       0 |   0.0 |      23 |       0 |   0.0
        D:3 |     131 |       0 |   0.0 |      27 |       0 |   0.0
        D:4 |       7 |       0 |   0.0 |       4 |       0 |   0.0
            +---------+---------+-------+---------+---------+-------
